 Dungeon Crawl Stone Soup version 0.27-a0-1147-gb3d8e82157 (webtiles) character file.

Game seed: 9823590097932436354

898 leviel the Chopper (level 7, -4/62 HPs)
             Began as a Minotaur Fighter on May 11, 2021.
             Was a Priest of Uskayaw.
             Slain by an orc warrior
             ... wielding a +0 halberd
              (15 damage)
             ... on level 6 of the Dungeon.
             The game lasted 00:07:02 (5143 turns).

leviel the Chopper (Minotaur Fighter)               Turns: 5143, Time: 00:07:02

Health: -4/62      AC: 11    Str: 22    XL:     7   Next: 79%
Magic:  2/6        EV:  8    Int:  5    God:    Uskayaw [***...]
Gold:   265        SH: 10    Dex: 10    Spells: 6/6 levels left

rFire    . . .     SeeInvis .   a - +0 war axe
rCold    . . .     Faith    .   c - +0 kite shield
rNeg     . . .     Spirit   .   b - +0 scale mail
rPois    .         Reflect  .   (helmet restricted)
rElec    .         Harm     .   (no cloak)
rCorr    .         Rampage  .   v - +0 pair of gloves
Will     .....                  g - +1 pair of boots
Stlth    ..........             (no amulet)
HPRegen  0.20/turn              (no ring)
MPRegen  0.10/turn              (no ring)

@: studying Bows
A: horns 2, retaliatory headbutt
a: Renounce Religion, Stomp, Line Pass


You were on level 6 of the Dungeon.
You worshipped Uskayaw.
Uskayaw was noncommittal.
You visited 2 branches of the dungeon, and saw 7 of its levels.

You collected 265 gold pieces.

Inventory:

Hand Weapons
 a - a +0 war axe (weapon)
Armour
 b - a +0 scale mail (worn)
 c - a +0 kite shield (worn)
 g - a +1 pair of boots (worn)
 v - a +0 pair of gloves (worn)
Jewellery
 m - a +4 ring of evasion
Wands
 y - a wand of flame (21)
Scrolls
 e - 3 scrolls of identify {unknown}
 j - a scroll of immolation {unknown}
 l - 2 scrolls of holy word {unknown}
 n - 3 scrolls of enchant armour {unknown}
 o - 4 scrolls of teleportation {unknown}
 p - 2 scrolls of silence {unknown}
 s - 2 scrolls of amnesia {unknown}
 t - a scroll of blinking {unknown}
 u - a scroll of fog {unknown}
 A - a scroll of acquirement {unknown}
Potions
 d - 3 potions of might
 f - a potion of brilliance {unknown}
 h - a potion of curing {unknown}
 i - 5 potions of heal wounds {unknown}
 k - a potion of attraction {unknown}
 q - 2 potions of invisibility {unknown}
 r - 2 potions of mutation {unknown}
 w - a potion of lignification {unknown}
 x - 2 potions of cancellation {unknown}
 z - a potion of resistance {unknown}


   Skills:
 + Level 5.9 Fighting
 * Level 6.7 Axes
 + Level 6.1 Armour
 - Level 0.4 Dodging
 + Level 6.2 Shields


You had 6 spell levels left.
You didn't know any spells.
Your spell library was empty.

Dungeon Overview and Level Annotations

Branches:
Dungeon (6/15)             Temple (1/1) D:5

Altars:
Ashenzari
Cheibriados
Dithmenos
Elyvilon
Fedhas
Hepliaklqana
Kikubaaqudgha
Makhleb
Okawaru
Qazlal
Ru
Sif Muna
Trog
Uskayaw
Vehumet
Xom
Yredelemnul
Zin
The Shining One


Innate Abilities, Weirdness & Mutations

You have a pair of horns on your head.
You reflexively headbutt those who attack you in melee.


Message History

The orc wizard hits you but does no damage.
Uskayaw will force your foes to helplessly watch your dance.
Uskayaw prepares the audience for your solo!
The helpless orc wizard fails to defend itself.
You slash the orc wizard!
You kill the orc wizard!
The orc warrior is no longer paralysed.
The orc warrior hits you from afar with a +0 halberd!
The orc warrior closely misses you.
You hit the orc warrior. You headbutt the orc warrior.
The orc warrior is lightly wounded.
You block the orc warrior's attack.
Okay, then.
Aiming: Line Pass
Press: ? - help, Dir - move target The orc warrior appears confused.
The orc warrior hits you but does no damage.
You hit the orc warrior but do no damage.
The orc warrior is lightly wounded.
The orc warrior seems less confused.
The orc warrior barely misses you. x2
You furiously retaliate!
You headbutt the orc warrior. You barely miss the orc warrior.
The orc warrior is moderately wounded.
You block the orc warrior's attack.
You barely miss the orc warrior.
You headbutt the orc warrior, but do no damage.
The orc warrior is moderately wounded.
The orc warrior misses you.
The orc warrior hits you with a +0 halberd!
You hit the orc warrior but do no damage.
You headbutt the orc warrior!
The orc warrior is heavily wounded.
The orc warrior hits you with a +0 halberd!
* * * LOW HITPOINT WARNING * * *
Uskayaw will force your foes to helplessly watch your dance.
Okay, then.
You slash the orc warrior! Your headbutt misses the orc warrior.
The orc warrior is almost dead.
The orc warrior hits you with a +0 halberd!
You die...

......#######
............#
............#
............+
............#
#########'######+####
....................#
..............).....#
...............o@...#
.........†...)......#
..........!.........#
#####+#........######
# #........# #
#........# #
#........# #
#........# #
#####+####


You could see an orc warrior.

Vanquished Creatures
  A wyvern (D:6)
  A sky beast (D:5)
  4 scorpions
  3 howler monkeys
  A hound (D:4)
  An iguana (D:4)
  3 orc wizards
  A killer bee zombie (D:5)
  A howler monkey zombie (D:5)
  7 adders
  An ufetubus (D:4)
  2 adder zombies (D:5)
  2 adder skeletons (D:4)
  A worm (D:4)
  A dart slug (D:1)
  9 orcs (D:5)
  6 endoplasms
  2 giant cockroaches
  8 goblins
  5 hobgoblins
  6 jackals
  7 kobolds
  3 quokkas
  9 ball pythons
  7 bats
  5 frilled lizards
  2 rats
99 creatures vanquished.

Notes
Turn   | Place    | Note
-------+----------+-------------------------------------------
     0 | D:1      | leviel the Minotaur Fighter began the quest for the Orb.
     0 | D:1      | Reached XP level 1. HP: 19/19 MP: 0/0
   139 | D:1      | Reached XP level 2. HP: 27/27 MP: 1/1
   754 | D:1      | Reached XP level 3. HP: 33/33 MP: 2/2
  1108 | D:2      | Found a faded altar of an unknown god.
  1821 | D:2      | Reached XP level 4. HP: 39/40 MP: 3/3
  2888 | D:4      | Reached XP level 5. HP: 40/47 MP: 4/4
  3055 | D:4      | Reached skill level 5 in Armour
  3055 | D:4      | Reached skill level 5 in Shields
  3229 | D:4      | Reached XP level 6. HP: 53/55 MP: 5/5
  3560 | D:4      | Found a glowing golden altar of the Shining One.
  3599 | D:5      | Entered Level 5 of the Dungeon
  3724 | D:5      | Found a staircase to the Ecumenical Temple.
  3738 | D:5      | Reached skill level 5 in Fighting
  3738 | D:5      | Reached skill level 5 in Axes
  3874 | D:5      | Found a hazy altar of Hepliaklqana.
  3898 | D:5      | Noticed a sky beast
  3905 | D:5      | Killed a sky beast
  3906 | D:5      | Reached XP level 7. HP: 58/61 MP: 6/6
  3971 | D:5      | Found a stormy altar of Qazlal.
  4495 | D:6      | Found a shadowy altar of Dithmenos.
  4510 | D:6      | Found an ancient bone altar of Kikubaaqudgha.
  4511 | D:6      | Found a blossoming altar of Fedhas.
  4547 | D:6      | Noticed a wyvern
  4596 | Temple   | Entered the Ecumenical Temple
  4872 | Temple   | Became a worshipper of Uskayaw the Reveller
  4989 | D:6      | Reached * piety under Uskayaw
  4991 | D:6      | Killed a wyvern
  4991 | D:6      | Reached ** piety under Uskayaw
  5134 | D:6      | Reached *** piety under Uskayaw
  5143 | D:6      | Slain by an orc warrior

Illustrated notes

Levels and vault maps discovered:
D:1:      dpeg_arrival_morbid_curiosity, layout_basic, serial_forest,
          infiniplex_forest_clump_small, infiniplex_forest_corner_1,
          infiniplex_forest_zigzag_2, infiniplex_forest_lined_2,
          infiniplex_forest_straight_4, infiniplex_forest_lined_1,
          infiniplex_forest_diagonal, infiniplex_forest_clump_tiny,
          skrybe_limestone_x, minmay_tromino_i2
D:2:      minmay_spotlight, layout_loops_corners, shapermc_ecumenical_altar_gd,
          due_unseen_surprise
D:3:      layout_loops_corners
D:4:      layout_cave_pools, kennysheep_mini_moat, minmay_misc_feat_five,
          minmay_manual_mandibuliform
D:5:      layout_cave_pools, old_standard_altar, grunt_qazlal_clouds,
          minmay_temple_entry_mist, kennysheep_small_circle
D:6:      layout_gridville, chequers_temple_overflow_statue_of_worship,
          hangedman_decor_diamond_cutter
Temple:   nicolae_temple_figure_eight

Skill      XL: |  1  2  3  4  5  6  7 |
---------------+----------------------+-----
Armour         | 4 5 6 |  6.1
Fighting       | 4 5 |  5.9
Axes           | 3 4 5 6 |  6.7
Shields        | 4 5 6 |  6.2
Dodging        | |  0.4

Action                   |  1- 3 |  4- 6 |  7- 9 || total
-------------------------+-------+-------+-------++-------
Melee: War axe           |   101 |   119 |    42 ||   262
       Headbutt          |    14 |    22 |    12 ||    48
Invok: Line Pass         |       |       |     1 ||     1
 Stab: Paralysed         |       |       |     1 ||     1
Armor: Scale mail        |    37 |    48 |    24 ||   109
Dodge: Dodged            |    40 |    35 |    21 ||    96
Block: Kite shield       |    68 |    68 |    27 ||   163

Table legend: (Time is in decaauts)
 A = Elapsed time spent in this place.
 B = Non-inter-level travel time spent in this place.
 C = Inter-level travel time spent in this place.
 D = Time resting spent in this place.
 E = Time spent auto-exploring this place.
 F = Levels seen in this place.
 G = Mean time per level.
                   A        B        C        D        E       F      G
               +--------+--------+--------+--------+--------+-----+--------+
         Total |   5274 |   5030 |    244 |    199 |   4086 |   7 |  753.4 |
       Dungeon |   4966 |   4808 |    158 |    199 |   3879 |   6 |  827.7 |
        Temple |    307 |    222 |     85 |      0 |    207 |   1 |  307.0 |
               +--------+--------+--------+--------+--------+-----+--------+

Top non-repeatable levels by time:
     D:2: 1158 daAuts
     D:5: 926 daAuts
     D:1: 921 daAuts
     D:3: 867 daAuts
     D:4: 743 daAuts
     D:6: 349 daAuts
  Temple: 307 daAuts
